 Dungeon Crawl Stone Soup version 0.30.0-13-g156ef70053 (webtiles) character file.

Game seed: 17602793786763814455

288 dialectric the Covered (level 6, -8/38 HPs)
             Began as a Gargoyle Fighter on May 17, 2023.
             Splashed by a jelly's acid (9 damage)
             ... on level 4 of the Dungeon.
             The game lasted 00:03:09 (2466 turns).

dialectric the Covered (Gargoyle Fighter)           Turns: 2466, Time: 00:03:09

Health: -8/38      AC: -2    Str: 22    XL:     6   Next: 31%
Magic:  6/6        EV: 10    Int:  8    God:
Gold:   167        SH:  0    Dex:  9    Spells: 5/5 levels left

rFire   . . .        o - +2 short sword (flame)
rCold   . . .        (no shield)
rNeg    + . .        b - +0 scale mail
rPois   ∞            (no helmet)
rElec   +            n - +0 cloak
rCorr   .            (no gloves)
SInv    .            (no boots)
Will    .....        (no amulet) Stlth
                     (no ring)
HPRegen 0.26/turn    (no ring)
MPRegen 0.10/turn

%: no passive effects
@: corroded
A: sickness immunity, AC +4, negative energy resistance 1, electricity
resistance, torment resistance 1, petrification resistance
a: no special abilities


You were on level 4 of the Dungeon.
You visited 1 branch of the dungeon, and saw 4 of its levels.

You collected 167 gold pieces.

Inventory:

Hand Weapons
 a - a +0 flail
 o - a +2 short sword of flaming (weapon)
Missiles
 l - 4 javelins (quivered)
Armour
 b - a +0 scale mail (worn)
 c - a +0 buckler
 n - a +0 cloak (worn)
Jewellery
 g - a ring of willpower
 t - an amulet of faith
Scrolls
 e - a scroll of magic mapping {unknown}
 f - 2 scrolls of amnesia {unknown}
 h - 2 scrolls of enchant armour {unknown}
 k - 2 scrolls of poison {unknown}
 r - a scroll of identify {unknown}
 u - a scroll of teleportation {unknown}
Potions
 i - a potion of experience {unknown}
 j - 3 potions of curing {unknown}
 m - a potion of brilliance {unknown}
 p - a potion of haste
 q - a potion of mutation {unknown}
 s - a potion of attraction {unknown}


   Skills:
 + Level 4.1 Fighting
 + Level 2.4 Short Blades
 - Level 2.1 Maces & Flails
 + Level 5.2 Armour
 + Level 1.8 Dodging
 + Level 0.4 Stealth
 + Level 3.5 Shields


You had 5 spell levels left.
You didn't know any spells.
Your spell library contained the following spells:

 Spells                   Type           Power      Damage    Failure   Level
 Scorch                   Fire           0%         2d5       85%         2
 Stone Arrow              Conj/Erth      0%         3d7       97%         3
 Animate Armour           Summ/Erth      0%         N/A       100%        4
 Flame Wave               Conj/Fire      0%         2d4       100%        4
 Summon Cactus Giant      Summ           0%         N/A       100%        6
 Lehudib's Crystal Spear  Conj/Erth      0%         10d2      100%        8


Dungeon Overview and Level Annotations

Branches:
Dungeon (4/15)
 Temple: D:4-7

Altars:
Wu Jian

Shops:
D:3 [

Annotations:
D:3 1 runed translucent door, Crazy Yiuf


Innate Abilities, Weirdness & Mutations

You are immune to sickness and miasma.
Your stone body is resilient. (AC +4)
You are immune to poison.
You resist negative energy. (rN+)
You are resistant to electric shocks. (rElec)
You are resistant to unholy torment.
You are immune to petrification.


Message History

The jelly is heavily wounded.
The jelly hits you but does no damage.
You hit the jelly but do no damage. The acid corrodes you!
Your hands burn!
The jelly is heavily wounded.
The jelly barely misses you.
You hit the jelly. You burn the jelly.
Your hands burn!
The jelly is severely wounded.
The jelly hits you but does no damage.
You hit the jelly. You burn the jelly.
Your hands burn!
You punch the jelly.
The jelly is almost dead.
The jelly hits you but does no damage.
You barely miss the jelly.
The jelly is almost dead.
The jelly hits you but does no damage.
You hit the jelly but do no damage.
Your hands burn!
The jelly is almost dead.
You hit the jelly but do no damage. The acid corrodes you!
Your hands burn!
The jelly is almost dead.
The jelly barely misses you.
You hit the jelly but do no damage. The acid corrodes you!
Your hands burn!
The jelly is almost dead.
The jelly closely misses you.
You hit the jelly but do no damage.
Your hands burn!
The jelly is almost dead.
The jelly barely misses you.
You hit the jelly but do no damage.
Your hands burn!
The jelly is almost dead.
The jelly hits you.
* * * LOW HITPOINT WARNING * * *
The acid corrodes you!
You are splashed with acid!
* * * LOW HITPOINT WARNING * * *
You barely miss the jelly.
The jelly is almost dead.
The jelly barely misses you.
You barely miss the jelly.
The jelly is almost dead.
The jelly hits you.
* * * LOW HITPOINT WARNING * * *
The acid corrodes you!
You are splashed with acid!
You die...

#... ##.### #....## ###
##..(.†. ###.###
#.......
##.....####..##.#.
###............####.
###.#...........## ##
#....@.....#..### #.
#....J....##...## #..
#..........##...####..
#............###........
#.............#.........
#.............#.........
....................##..
...[.(.(...............#
..#...........>.........


You could see a jelly.

Vanquished Creatures
  Sigmund (D:3)
  Terence (D:3)
  An orc wizard (D:4)
  2 adders (D:2)
  A worm (D:2)
  A dart slug (D:3)
  2 orcs (D:4)
  3 bats
  2 endoplasms
  2 giant cockroaches
  2 goblins (D:2)
  10 hobgoblins
  2 jackals (D:3)
  3 quokkas
  2 ball pythons
  4 frilled lizards
  8 kobolds
  8 rats
55 creatures vanquished.

Notes
Turn   | Place    | Note
-------+----------+-------------------------------------------
     0 | D:1      | dialectric the Gargoyle Fighter began the quest for the
                  | Orb.
     0 | D:1      | Reached XP level 1. HP: 14/14 MP: 1/1
   657 | D:1      | Reached XP level 2. HP: 19/19 MP: 2/2
  1169 | D:2      | Reached XP level 3. HP: 19/24 MP: 3/3
  1224 | D:2      | Reached skill level 4 in Armour
  1647 | D:3      | Found Sutahamm's Armour Boutique.
  1675 | D:3      | Reached XP level 4. HP: 29/29 MP: 4/4
  1770 | D:3      | Found an ornate altar of the Wu Jian Council.
  1847 | D:3      | Found a runed translucent door.
  1848 | D:3      | Noticed Crazy Yiuf
  1925 | D:3      | Noticed Sigmund
  2042 | D:4      | Reached skill level 1 in Short Blades
  2213 | D:3      | Killed Sigmund
  2214 | D:3      | Reached skill level 5 in Armour
  2214 | D:3      | Reached skill level 1 in Dodging
  2214 | D:3      | Reached XP level 5. HP: 28/33 MP: 5/5
  2214 | D:3      | Reached XP level 6. HP: 32/38 MP: 6/6
  2272 | D:3      | Noticed Terence
  2285 | D:3      | Killed Terence
  2466 | D:4      | HP: 1/38 [jelly (1)]
  2466 | D:4      | Splashed by a jelly's acid

Illustrated notes

Levels and vault maps discovered:
D:1:      dpeg_arrival_houses_and_road, layout_loops_corners
D:2:      layout_basic
D:3:      layout_rooms, amcnicky_altar_gilded, serial_shops, shop,
          minmay_misc_feat_encased, uniq_crazy_yiuf_cottage, uniq_terence,
          uniq_sigmund
D:4:      layout_cave_pools, nicolae_ru_awakened_eye, serial_shops, shop,
          minivault_23

Skill      XL: |  1  2  3  4 |
---------------+-------------+-----
Armour         | 4 5 |  5.2
Short Blades   | 2 |  2.4
Fighting       | 4 |  4.1
Dodging        | 1 |  1.8
Maces & Flails | |  2.1
Stealth        | |  0.4
Shields        | |  3.5

Action                     |  1- 3 |  4- 6 || total
---------------------------+-------+-------++-------
  Melee: Flail             |    99 |       ||    99
         Punch             |     1 |     1 ||     2
         Short sword       |    61 |   110 ||   171
  Throw: Javelin           |     1 |     2 ||     3
    Use: Potion            |       |     2 ||     2
 Armour: Scale mail        |   142 |    78 ||   220
  Dodge: Dodged            |    99 |    61 ||   160
